[Event "Portuguese Rapid-ch 2022"]
[Site "Viseu"]
[Date "2022.06.10"]
[Round "2.4"]
[White "Fernandes, Antonio"]
[Black "Bartolo, Filipe Diogo Correia"]
[Result "1-0"]
[ECO "A45"]
[WhiteElo "2314"]
[BlackElo "1811"]
[Annotator "TA"]
[PlyCount "75"]
[EventDate "2022.06.09"]
[EventType "rapid"]
[EventCountry "POR"]
[SourceTitle "playchess.com"]
[Source "ChessBase"]
[SourceQuality "1"]
[TimeControl "600+5"]

1. d4 Nf6 2. Bg5 Ne4 3. Bh4 c5 4. f3 g5 5. fxe4 gxh4 6. e3 Nc6 {A45: Trompowsky Attack.} (6... Bh6 $5 ) 7. c3 Qb6 8. Qb3 Bh6 {The position is equal.} 9. Kf2 Qc7 10. Nf3 {[#]} d6 $146 ({Predecessor:} 10... h3 11. g3 e6 12. Nbd2 a5 13. a4 b6 14. Bxh3 Ne7 15. Rhe1 Bb7 16. Qc2 O-O {0-1 (27) Moreno,G-Mallassagne,F Montpellier 1998}) 11. Nxh4 e5 ({Black should play} 11... O-O $1 $11) 12. d5 $14 Ne7 13. Bb5+ Bd7 {[#] Black is on the road to losing.} (13... Kd8 $14) 14. Qa4 $1 $16 Rg8 15. Bxd7+ Qxd7 16. Qxd7+ Kxd7 17. Nd2 Rg4 (17... Bg5 $16 {might work better.}) 18. g3 $18 Rf8 19. Ke2 Bg5 ({Less strong is} 19... f5 20. Nxf5 Nxf5 21. exf5) (19... Rgg8 $142 20. Raf1 Rg4) 20. Kf3 h5 21. h3 Rxh4 22. gxh4 Bxh4 23. Ke2 Ng6 24. Rhg1 Be7 25. Raf1 Ke8 26. Rf5 Rh8 27. Nf3 Rh7 28. Ng5 Rg7 29. Nf3 Rh7 $1 30. a4 b6 31. Kf1 Rh8 32. Ng5 Rf8 33. Nh7 Rh8 34. Nf6+ Kd8 $2 (34... Bxf6 35. Rxf6 Ke7) 35. Nxh5 {[%cal Of5f7] White is clearly winning.} Nh4 {[#]} (35... Rh7 $142 36. Ng3 c4) 36. Rxf7 $1 Rxh5 (36... a6 37. Ng7) 37. Rg8+ Kd7 38. Rgg7 {Weighted Error Value: White=0.22 (precise) /Black=0.38} 1-0

[Event "Portuguese Rapid-ch 2022"]
[Site "Viseu"]
[Date "2022.06.10"]
[Round "2.5"]
[White "De Carvalho, Vitor Augusto Poncia"]
[Black "Santos, Jose Guilherme B Lim"]
[Result "0-1"]
[ECO "B51"]
[WhiteElo "1904"]
[BlackElo "2365"]
[Annotator "TA"]
[PlyCount "40"]
[EventDate "2022.06.09"]
[EventType "rapid"]
[EventCountry "POR"]
[SourceTitle "playchess.com"]
[Source "ChessBase"]
[SourceQuality "1"]
[TimeControl "600+5"]

1. e4 c5 2. Nf3 d6 3. Bb5+ Nd7 4. c3 Ngf6 5. Qe2 a6 6. Ba4 b5 7. Bc2 Bb7 {B51: Sicilian: Moscow Variation (3 Bb5+) without 3...Bd7.} 8. O-O e5 9. d4 Rc8 {White has an edge.} 10. Re1 {[#]} (10. d5 $14) 10... Be7 $146 ({Black should play} 10... cxd4 $11 11. cxd4 h6) ({Predecessor:} 10... Qc7 11. Bd3 Be7 12. Nbd2 O-O 13. Nf1 Rfe8 14. Ng3 g6 15. d5 c4 16. Bc2 Bf8 {1-0 (36) Muetsch,A (2146)-Schulze,L (2187) Bad Blankenburg 2018}) 11. a4 (11. d5 $14 {is superior.}) 11... cxd4 $1 $11 12. cxd4 b4 13. Bg5 (13. Bd3 $11) 13... Qb6 (13... h6 $15 14. Bh4 g5) 14. dxe5 (14. a5 $14 Qc7 15. Bd3) 14... dxe5 ({Much less strong is} 14... Nxe5 15. Nxe5 dxe5 16. a5 $14) 15. a5 Qc7 16. Bd3 Nc5 $36 {[%mdl 2048] Black is pushing.} 17. Rc1 O-O 18. Nbd2 Qd8 19. Bb1 Ne6 20. Be3 $2 {[%mdl 8192] [#]} Rxc1+ {Weighted Error Value: White=0.71/Black=0.24 (precise)} 0-1

[Event "Portuguese Rapid-ch 2022"]
[Site "Viseu"]
[Date "2022.06.10"]
[Round "2.6"]
[White "Padeiro, Jose"]
[Black "Farias, David Nuno M E"]
[Result "1-0"]
[ECO "A04"]
[WhiteElo "2207"]
[BlackElo "1948"]
[Annotator "TA"]
[PlyCount "85"]
[EventDate "2022.06.09"]
[EventType "rapid"]
[EventCountry "POR"]
[SourceTitle "playchess.com"]
[Source "ChessBase"]
[SourceQuality "1"]
[TimeControl "600+5"]

1. Nf3 c5 2. b3 Nf6 3. Bb2 e6 4. c4 Be7 5. e3 Nc6 6. Nc3 {A30: Symmetrical English: Double Fianchetto and Hedgehog.} O-O 7. d4 cxd4 8. Nxd4 {[#] The position is equal.} Qa5 $146 ({Predecessor:} 8... d5 9. Nxc6 bxc6 10. Be2 Bb7 11. O-O Qa5 12. Qc2 Rac8 13. Rfd1 Rfd8 14. Na4 Ne4 {1-0 (29) Bartel,M (2616)-Blanco Acevedo,C (2304) Warsaw 2021}) 9. a3 Nxd4 10. Qxd4 Qc5 (10... b6 {feels hotter.} 11. Bd3 Bb7 12. Qh4 Qh5) 11. Qxc5 $1 Bxc5 12. Be2 d5 13. cxd5 exd5 14. O-O Be6 15. Nb5 Rac8 16. Rac1 a6 17. Nd4 (17. Bxf6 $5 gxf6 18. b4 $14) 17... Bxd4 18. Bxd4 Ne4 19. Rfd1 {Prevents Nd2.} Rxc1 20. Rxc1 Nd2 21. Bd1 {f3 is the strong threat. This bishop pair is nice.} Ne4 22. f3 Nd6 23. a4 Rc8 24. Rxc8+ Bxc8 $16 {[%mdl 4096] Endgame KBB-KBN} 25. Bc5 Ne8 26. Kf2 Bf5 27. g4 Bg6 28. b4 {[#] Threatens to win with Bb3.} Bd3 29. Ke1 Nc7 30. Kd2 Bc4 31. Bc2 Ne6 32. Bd6 f6 33. f4 h6 34. h4 Kf7 35. h5 b5 $2 {[%mdl 8192] [#] Loses the game.} (35... Ke8 $16) 36. Bg6+ $18 Kg8 37. a5 Bf1 38. Be8 Nd8 39. Be7 Ne6 40. Bc6 Bg2 (40... Kf7) 41. Bb7 {White is clearly winning.} Kf7 42. Bd6 Bh3 43. Bxa6 {Weighted Error Value: White=0.09 (flawless) /Black=0.37} 1-0

[Event "Portuguese Rapid-ch 2022"]
[Site "Viseu"]
[Date "2022.06.10"]
[Round "2.7"]
[White "Ribeiro, Gustavo"]
[Black "Martins, Bruno Andre Leite"]
[Result "0-1"]
[ECO "A16"]
[WhiteElo "1867"]
[BlackElo "2327"]
[Annotator "TA"]
[PlyCount "72"]
[EventDate "2022.06.09"]
[EventType "rapid"]
[EventCountry "POR"]
[SourceTitle "playchess.com"]
[Source "ChessBase"]
[SourceQuality "1"]
[TimeControl "600+5"]

1. c4 Nf6 2. Nc3 g6 3. e4 d6 4. g3 Bg7 5. Bg2 O-O 6. Nge2 c6 7. d3 a6 {[%emt 0:00:03] A16: English Opening: 1...Nf6 with ...d5.} 8. O-O b5 9. f4 e5 {[%emt 0:00:09] The position is equal.} 10. h3 exf4 11. gxf4 {[%emt 0:00:12] [#]} Qb6+ $146 ({Predecessor:} 11... Nh5 12. Be3 Bb7 13. a3 Nd7 14. Rc1 Re8 15. Qd2 Qe7 {½-½ (15) Lilov,V (2411)-Petrov,M (2521) Plovdiv 2012}) 12. Kh2 Nbd7 13. Rf3 Re8 14. Be3 Qb8 15. Rg3 Bb7 16. Bf3 Qd8 (16... c5 $5 ) 17. Qd2 Qa5 (17... bxc4 $1 $15 18. dxc4 c5) 18. Rag1 $11 bxc4 19. dxc4 Rad8 20. b4 {[%emt 0:00:59] [#]} ({Of course not} 20. Qxd6 Ne5 $1 21. fxe5 Rxd6 22. exd6 Nd7 $17) (20. b3 $11) 20... Qc7 $1 $17 (20... Qxb4 $2 21. Rb1 Qxc4 22. Rxb7 $18) 21. Nd4 (21. c5 $15 dxc5 22. bxc5) 21... c5 22. bxc5 (22. Nf5 $17 {was forced.} cxb4 23. Nd5 Bxd5 24. Nxg7 Kxg7 25. exd5 (25. cxd5 $2 Nxe4 26. Bxe4 Rxe4 $19)) 22... dxc5 $19 23. Nf5 {[%emt 0:00:12] [#]} Ne5 $1 24. Nd5 (24. Qf2 Nxf3+) 24... Nxf3+ {[%emt 0:00:03] Really sharp!} (24... Bxd5 25. cxd5 Nxf3+ 26. Rxf3 Nxe4) 25. Rxf3 Nxe4 26. Nxg7 $2 {[%emt 0:01:10] This costs White the game.} (26. Qb2 $17 Bxb2 27. Nxc7) 26... Nxd2 27. Nxe8 Nxf3+ 28. Kg3 {[%emt 0:00:02] [#]} Rxe8 $1 29. Nxc7 Rxe3 30. Rd1 Nd4+ 31. Kf2 Re2+ 32. Kg1 Bg2 33. Kh2 Be4+ 34. Kg1 Rg2+ 35. Kf1 Rh2 {[%emt 0:00:02] ( -> ...Rh1+)} 36. Re1 Bd3+ {[%emt 0:00:05] Weighted Error Value: White=1.10/Black=0.24 (precise)} 0-1

[Event "Portuguese Rapid-ch 2022"]
[Site "Viseu"]
[Date "2022.06.10"]
[Round "2.8"]
[White "Ferreira, Luis Pedro"]
[Black "Martins Jr Sobrinho, Manuel De"]
[Result "1-0"]
[ECO "B24"]
[WhiteElo "2183"]
[BlackElo "2002"]
[Annotator "TA"]
[PlyCount "45"]
[EventDate "2022.06.09"]
[EventType "rapid"]
[EventCountry "POR"]
[SourceTitle "playchess.com"]
[Source "ChessBase"]
[SourceQuality "1"]
[TimeControl "600+5"]

1. e4 c5 2. Nc3 Nc6 3. g3 g6 4. Bg2 Bg7 5. d3 e6 6. Be3 d6 7. Qd2 Nge7 8. Bh6 O-O 9. h4 f5 $2 {[%emt 0:00:14] [#]} (9... Bxh6 $11 {and Black has nothing to worry.} 10. Qxh6 f6) 10. h5 {[%emt 0:00:09] Hoping for hxg6. B26: Closed Sicilian: 3 g3, lines with early Be3.} f4 (10... Rf7 $142 11. hxg6 Nxg6) 11. Bxg7 $18 ({Less strong is} 11. Bxf4 gxh5 12. Bh6 (12. Rxh5 Qe8 $16) 12... Rf7 13. Rxh5 Nd4 $16) 11... Kxg7 12. gxf4 {[%emt 0:00:02][%cal Bg3f4,Bf4f5][%mdl 32] [#] White has a decisive advantage.} Nd4 $146 ({Predecessor:} 12... Ng8 13. hxg6 hxg6 14. Nge2 Nd4 15. Nxd4 cxd4 16. Ne2 Qf6 17. O-O-O Bd7 18. Rdg1 Rac8 19. Bf3 Rxc2+ 20. Kxc2 {1-0 (20) Vigil Alvarez,L-Alvarez,R (2265) Oviedo 1991}) 13. O-O-O b5 (13... Kh8 {might work better.} 14. Nce2 gxh5 15. Nxd4 cxd4 16. Rxh5 Rg8) 14. hxg6 hxg6 15. f5 Rh8 16. Rxh8 Qxh8 17. f6+ Kxf6 18. e5+ dxe5 19. Bxa8 Ba6 20. Ne4+ Kg7 21. Qg5 Nef5 22. Qf6+ Kh7 23. Ng5+ {[%emt 0:00:03] White took control after the opening.  Weighted Error Value: White=0.02 (flawless) /Black=1.80} 1-0

[Event "Portuguese Rapid-ch 2022"]
[Site "Viseu"]
[Date "2022.06.10"]
[Round "3.1"]
[White "Ferreira, Jorge Viterbo"]
[Black "Sismeiro, Miguel"]
[Result "1-0"]
[ECO "D95"]
[WhiteElo "2512"]
[BlackElo "2148"]
[Annotator "TA"]
[PlyCount "73"]
[EventDate "2022.06.09"]
[EventType "rapid"]
[EventCountry "POR"]
[SourceTitle "playchess.com"]
[Source "ChessBase"]
[SourceQuality "1"]
[TimeControl "600+5"]

1. d4 Nf6 2. c4 g6 3. Nc3 d5 4. Nf3 Bg7 5. e3 O-O 6. Qb3 c6 7. Bd3 dxc4 8. Bxc4 b5 9. Be2 {D95: Grünfeld: 4 Nf3 Bg7 5 e3 0-0 6 Qb3.} Be6 10. Qd1 b4 11. Na4 {The position is equal.} Nbd7 12. O-O {[#]} Qa5 $146 (12... Bd5 $11) ({Predecessor:} 12... Ne4 13. b3 Nb6 14. Bb2 Nxa4 15. bxa4 c5 16. Qc2 Qd5 17. Bd3 f5 {½-½ (17) Rhein,T (1813)-Bothe,M (1873) Mittelfranken 2017}) 13. Bd2 (13. a3 $16) 13... Ne4 $11 14. Be1 {Threatening a3.} Nb6 $1 15. Nxb6 Qxb6 16. Bd3 Bd5 17. Qc2 Nd6 18. Rc1 (18. Ne5 $5 ) 18... Rfc8 19. b3 (19. Ne5 {deserves consideration.}) 19... f5 (19... Bxf3 $5 20. gxf3 Nb7 $11) 20. Nd2 a5 21. Nc4 Qd8 22. Nb2 c5 (22... f4 $11) 23. dxc5 $16 Ne4 24. Na4 Rc7 25. Bc4 {Hoping for Rd1.} e6 26. Bxd5 exd5 27. Qd3 {Strongly threatening f3.} d4 (27... Rac8 $16) 28. f3 Nc3 29. Bg3 $36 {[%mdl 2048] White is on the roll.} ({Reject} 29. Bxc3 $6 dxc3 30. Qc4+ Kh8 $11) 29... Rd7 {[#] A mistake that costs the game.} (29... Rf7 $16) 30. c6 (30. Nb6 $142) 30... Re7 $2 (30... Rf7 {was worth a try.}) 31. c7 Rxc7 32. Bxc7 Qxc7 33. exd4 Rd8 34. Nxc3 Bxd4+ 35. Kh1 bxc3 (35... Bxc3 {is a better defense.} 36. Qb5 Rb8) 36. Rfd1 $18 Kg7 {[#]} 37. Rxc3 $3 {[%mdl 512] Weighted Error Value: White=0.26 (precise) /Black=0.42} 1-0

[Event "Portuguese Rapid-ch 2022"]
[Site "Viseu"]
[Date "2022.06.10"]
[Round "3.2"]
[White "Silva, Miguel Antonio Neto"]
[Black "Sousa, Andre Ventura"]
[Result "0-1"]
[ECO "A05"]
[WhiteElo "2215"]
[BlackElo "2420"]
[Annotator "TA"]
[PlyCount "68"]
[EventDate "2022.06.09"]
[EventType "rapid"]
[EventCountry "POR"]
[SourceTitle "playchess.com"]
[Source "ChessBase"]
[SourceQuality "1"]
[TimeControl "600+5"]

1. Nf3 Nf6 2. c4 g6 3. g3 Bg7 4. Bg2 O-O 5. O-O d6 6. Nc3 e5 7. d3 h6 8. Rb1 a5 9. a3 Be6 10. Nd2 {A24: English Opening vs King's Indian: Lines without ...Nc6.} c6 11. b4 axb4 12. axb4 {The position is equal.} Nbd7 13. b5 d5 14. Bb2 Qe7 15. Qc2 Rfc8 {[#]} 16. bxc6 $146 ({Predecessor:} 16. Ra1 Rxa1 17. Rxa1 cxb5 18. Nxb5 Qc5 19. Ba3 Qxb5 20. Rb1 Qa6 21. Qb2 Rb8 22. cxd5 Bxd5 23. Bxd5 Nxd5 24. Nc4 e4 25. d4 {0-1 (25) Miszler,L (2210)-Ronka,E (2355) Chess.com INT 2022}) 16... bxc6 17. Rfc1 h5 18. Ra1 h4 19. Rxa8 Rxa8 20. cxd5 cxd5 21. Nf3 Bh6 (21... h3 $5 22. Bh1 Rb8 $17) 22. Ra1 (22. Rb1 $15) 22... Rc8 ({Black should try} 22... Rxa1+ $17 23. Bxa1 Qc5) 23. Qa4 (23. Nxd5 $1 $11 Rxc2 24. Nxe7+ Kg7 25. Bxe5 Nxe5 26. Nxe5) 23... hxg3 24. hxg3 d4 25. Nb5 Nc5 26. Qa3 (26. Qa7 $11 {remains equal.} Qd7 27. Ra5 Qxa7 28. Nxa7) 26... Ng4 {Black is more active.} (26... Bd7 $17 27. Na7 Rb8) 27. Bc1 $2 {[#]} (27. Qa7 $11 {and White stays safe.} Qxa7 28. Nxa7) 27... Bf8 $1 $36 {[%mdl 2048] Strongly threatening ...Qd7. White is under strong pressure.} 28. Bd2 $2 {This move loses the game for White.} (28. Rb1 $17) 28... Qd7 {Hoping for ...Nb3.} 29. Na7 Nb3 30. Qa4 Nxa1 31. Qxd7 Bxd7 32. Nxc8 Bxc8 33. Bh3 Nb3 34. Be1 Nc1 {Weighted Error Value: White=0.46/Black=0.21 (precise)} 0-1

[Event "Portuguese Rapid-ch 2022"]
[Site "Viseu"]
[Date "2022.06.10"]
[Round "3.4"]
[White "Santos, Jose Guilherme B Lim"]
[Black "Ribeiro, Fernando"]
[Result "1-0"]
[ECO "B01"]
[WhiteElo "2365"]
[BlackElo "2116"]
[Annotator "TA"]
[PlyCount "101"]
[EventDate "2022.06.09"]
[EventType "rapid"]
[EventCountry "POR"]
[SourceTitle "playchess.com"]
[Source "ChessBase"]
[SourceQuality "1"]
[TimeControl "600+5"]

1. e4 d5 2. exd5 Qxd5 3. Nc3 Qd6 4. Nf3 Nf6 5. d4 Bg4 6. h3 Bh5 {B01: Scandinavian Defence.} 7. g4 Bg6 8. Ne5 Nbd7 $1 {White is slightly better.} 9. Nc4 Qe6+ 10. Be3 {[#] aiming for d5.} Nb6 $146 {Prevents d5.} (10... Nd5 $11) ({Predecessor:} 10... Nd5 11. Qd2 Nxc3 12. Qxc3 Be4 13. Rg1 O-O-O 14. O-O-O Qc6 15. d5 Bxd5 16. Bxa7 e6 {½-½ (24) Onoprijchuk,B (2403)-Abramov,L (2349) Saratov 2008}) 11. Nxb6 $14 axb6 (11... Qxb6 $14 12. Bb5+ c6) 12. Bg2 $16 O-O-O {[#]} (12... Qc8 $16 {was worth a try.}) 13. Qf3 $1 $36 {[%mdl 2048] White has strong initiative.} c6 {[#]} 14. O-O $1 Nd5 15. Na4 $2 (15. Nxd5 $18 Qxd5 16. Qe2) 15... Bxc2 $11 16. b3 (16. Nc3 $11) 16... Kb8 $2 (16... h5 $15 {stays ahead.} 17. gxh5 b5) 17. Rac1 (17. Qg3+ $16 Qd6 18. Bxd5 Qxg3+ 19. fxg3 Rxd5 20. Nxb6) 17... Bd3 $14 18. Rfe1 ({White should play} 18. Rfd1 $14 Nxe3 19. fxe3 (19. Rxd3 Nxg2 20. Qxg2 h5 $15)) 18... Qg6 (18... Ka7 $11) 19. Qg3+ $16 Ka7 (19... Qd6 $16) 20. Bxd5 $18 cxd5 21. Bf4 ({Only move:} 21. Qc7 $18 Qd6 22. Bf4 Qxc7 23. Bxc7) 21... e5 $16 22. Bxe5 {Hoping for Bc7.} Bd6 23. Bxd6 Rxd6 24. Rc7 ({Better is} 24. Re5 $16) 24... Ba6 (24... h5 $1 $14) 25. Rxf7 Qxf7 26. Qxd6 Rf8 27. Qg3 {White is much more active.} ({But not} 27. Qxb6+ $2 Ka8 28. Qb4 Qxf2+ 29. Kh1 Rf6 30. Re8+ Ka7 31. Qc5+ b6 $19) 27... Qf4 28. Qxf4 Rxf4 {[%mdl 4096] Endgame KRB-KRN} 29. Rd1 h5 (29... Be2 $16 {keeps fighting.} 30. Rd2 Bf3) 30. Nc3 hxg4 31. Nxd5 Rf7 32. hxg4 Be2 33. Re1 Bxg4 34. Ne3 ({White should try} 34. Re7 Rxe7 35. Nxe7) 34... Bf3 35. Kh2 Rd7 (35... Rf6 $16) 36. Kg3 $18 Be4 37. Kf4 Bc6 38. Rd1 {Threatens to win with Ke5.} Rf7+ 39. Ke5 {Strongly threatening Rd2.} Rxf2 40. d5 Bd7 (40... Re2 $16) 41. Kd6 Bh3 42. Rh1 Bg2 {[%mdl 8192] Black cannot hold the game after this.} (42... Rf3 $16) 43. Rh2 (43. Nxg2 $142 Rxg2 44. Re1) 43... Rf6+ 44. Ke7 Be4 45. d6 {White wants to mate with d7.} Bc6 46. d7 Bxd7 47. Kxd7 b5 (47... Rf7+ $142 48. Ke6 Rf6+ 49. Kd5 Rf3) 48. Rg2 Rf3 49. Nd5 Rd3 50. Kd6 Kb8 51. Kc5 {Weighted Error Value: White=0.40/Black=0.37} 1-0

[Event "Portuguese Rapid-ch 2022"]
[Site "Viseu"]
[Date "2022.06.10"]
[Round "3.5"]
[White "Santos, Antonio P"]
[Black "Padeiro, Jose"]
[Result "1-0"]
[ECO "E16"]
[WhiteElo "2182"]
[BlackElo "2207"]
[Annotator "TA"]
[PlyCount "115"]
[EventDate "2022.06.09"]
[EventType "rapid"]
[EventCountry "POR"]
[SourceTitle "playchess.com"]
[Source "ChessBase"]
[SourceQuality "1"]
[TimeControl "600+5"]

1. d4 Nf6 2. c4 e6 3. Nf3 Bb4+ 4. Bd2 Qe7 5. Nc3 O-O 6. a3 {E11: Bogo-Indian.} Bxc3 7. Bxc3 Ne4 8. Qc2 {The position is equal.} f5 9. e3 b6 10. Bd3 Bb7 11. O-O (11. Bxe4 $11 fxe4 12. Nd2) 11... d6 (11... Nxc3 $15 12. bxc3 (12. Qxc3 Bxf3 13. gxf3 Qh4 $15) 12... Bxf3 13. gxf3 c5) 12. Be1 $11 Nd7 13. Nd2 Nxd2 14. Bxd2 {[#]} Nf6 $146 ({Predecessor:} 14... c5 15. Rae1 Qh4 16. g3 Qh5 17. Be2 Qh3 18. f3 cxd4 19. exd4 e5 20. d5 Rac8 {½-½ (34) Pelletier,Y (2474)-Hansen,C (2613) Germany 2001}) 15. f3 c5 16. b4 Rac8 17. Rfe1 Rfd8 18. a4 cxb4 19. Bxb4 Qf7 20. a5 b5 21. Qb3 bxc4 22. Bxc4 Bd5 23. Bxd5 exd5 24. Qa3 Qd7 25. a6 Rc4 26. Bd2 Rdc8 27. Rec1 (27. Reb1 $16) 27... h6 (27... Rxc1+ $11 28. Bxc1 (28. Rxc1 Rxc1+ 29. Qxc1 Qa4 $11) 28... Kf7) 28. Bb4 (28. Rcb1 $16) 28... R8c6 29. Rxc4 (29. Rcb1 $11) 29... dxc4 $15 30. Qa5 Qc8 ({Better is} 30... Qe6 $17 31. Kf2 Nd5) 31. d5 $11 Rb6 32. Bc3 $1 Qc5 (32... Nd7 $142) 33. Qxc5 ({White should play} 33. Bd4 $16 Qxa5 34. Rxa5 Rb1+ 35. Kf2) 33... dxc5 $14 34. Bxf6 gxf6 $16 {[%mdl 4096] Endgame [#] KR-KR} (34... Rxf6 $16 35. Ra5 Kf7) 35. Ra5 $1 $18 Kf7 36. Rxc5 ({White should try} 36. Kf2 $18) 36... Rxa6 $16 37. Rxc4 Rd6 (37... Ra5 $16 38. Rc7+ Kg6) 38. Rc7+ $18 Kg6 $2 (38... Kf8 39. Rxa7 Rxd5) 39. e4 fxe4 40. fxe4 {[#] Hoping for Kf2.} a6 $2 (40... Rd8 41. Rxa7 f5 42. exf5+ (42. Ra6+ Kg5 $16) 42... Kxf5) 41. Kf2 Rb6 42. Rc6 Rb2+ 43. Kf3 {aiming for e5.} Rb3+ 44. Kf4 Rb2 45. e5 Rb4+ 46. Ke3 Kf5 47. exf6 a5 48. f7 Rb8 49. Kd4 Ra8 50. g4+ Kxg4 51. d6 a4 52. d7 {Rc8 would kill now.} a3 53. Rc8 {White mates.} Ra4+ 54. Ke3 a2 55. f8=Q a1=Q 56. Qf3+ Kh4 57. Qg3+ Kh5 58. Rc5+ {Weighted Error Value: White=0.24 (precise) /Black=0.46} 1-0

[Event "Portuguese Rapid-ch 2022"]
[Site "Viseu"]
[Date "2022.06.10"]
[Round "3.6"]
[White "Martins, Bruno Andre Leite"]
[Black "Pipiras, Filipa Fortuna"]
[Result "1-0"]
[ECO "D00"]
[WhiteElo "2327"]
[BlackElo "2135"]
[Annotator "TA"]
[PlyCount "133"]
[EventDate "2022.06.09"]
[EventType "rapid"]
[EventCountry "POR"]
[SourceTitle "playchess.com"]
[Source "ChessBase"]
[SourceQuality "1"]
[TimeControl "600+5"]

1. d4 d5 2. Bf4 Nf6 3. e3 c5 4. c3 e6 5. Nd2 Bd6 6. Bg3 {D00: 1 d4 d5: Unusual lines.} Qc7 7. Ngf3 Nbd7 8. dxc5 {The position is equal.} Nxc5 9. c4 {[#]} dxc4 $146 ({Predecessor:} 9... Bxg3 10. hxg3 O-O 11. cxd5 exd5 12. Qc2 Qb6 13. Rc1 Be6 14. Be2 Rac8 15. O-O d4 16. Nxd4 {1-0 (75) Obregon,C (2525)-Makhnev,D (2480) Chess.com INT 2021}) 10. Bxc4 Bxg3 11. hxg3 O-O 12. g4 (12. b4 $11 Ncd7 13. O-O) 12... h6 (12... Nxg4 $15 13. Rc1 Qd6) 13. Rc1 {aiming for b4.} Qd6 $2 (13... Bd7 $11 {and Black is okay.}) 14. b4 $2 ({White must play} 14. g5 $18 hxg5 15. Qc2) 14... Nd3+ $11 15. Bxd3 Qxd3 16. g5 hxg5 17. Nxg5 {Hoping for Qf3.} Rd8 18. Rc4 Kf8 ({Black should play} 18... Bd7 $11 19. Rd4 Qc3) 19. Rh8+ $14 Ke7 20. Rxd8 {Dancing on a razor blade.} Qxd8 21. Qc2 (21. Qf3 $14 {was preferrable.}) 21... Bd7 $1 $11 22. Rc7 Rc8 23. Qc5+ Ke8 24. Rxc8 Qxc8 25. Qxc8+ ({Avoid the trap} 25. Qxa7 $2 Qc1+ 26. Ke2 Bb5+ 27. Kf3 Qxd2 $19) 25... Bxc8 26. Nge4 Nxe4 27. Nxe4 {[%mdl 4096] Endgame KB-KN} Ke7 {Against Nd6} 28. Kd2 Bd7 29. Nc3 b6 30. Kd3 Bc6 31. e4 Kd6 32. f4 f6 33. a3 g5 34. fxg5 fxg5 35. Kd4 e5+ 36. Ke3 g4 (36... Bd7 $11) 37. Kf2 $1 $16 a5 38. Kg3 $1 axb4 39. axb4 Bd7 40. Nd1 $2 (40. Kh4 $1 $18) 40... Kc6 $1 $11 41. Ne3 Kb5 42. Nxg4 Kxb4 43. Nxe5 Be6 44. Kf4 Kc3 45. Nc6 b5 46. Ke5 Bd7 47. Na5 b4 48. Kd6 Bg4 49. e5 {[%cal Be4e5,Be5e6,Be6e7][%mdl 32] Black must now prevent e6.} Kd2 $2 (49... b3 $11 50. Nxb3 Kxb3) 50. Kc5 $2 (50. e6 Bh5 51. e7 Be8 52. g4 Ke3 53. Ke5 Kf3 54. g5 Kg4 55. Kf6) 50... Kc3 51. Kd6 $2 (51. Kd5 $11) 51... Kd2 52. e6 Ke2 53. e7 Bh5 54. Kc5 $2 (54. Ke5 Be8 55. Kf6 Ba4 56. g4 b3 {[#]} 57. Nxb3 $1 Kd1 58. g5 $1 Bxb3 59. e8=Q) 54... Ke3 55. Kxb4 Kf4 $2 (55... Ke4 $11) 56. Kc5 $2 (56. Nc4 {mates} Kg3 57. Ne3 Kf4 58. Nd5+ Ke5 59. Nc7 Kf4 60. Kc5 Kg3 61. Nd5) 56... Kg3 57. Kd6 Be8 58. Nb7 {Threatening mate with Kc7.} Kxg2 59. Ke6 Kf3 60. Nd6 Bc6 61. Nf7 {White threatens Ne5+ and mate.} Kf4 62. Kf6 Be8 63. Ng5 Bc6 64. Nh7 Ke4 $2 (64... Ba4 $11) 65. Ke6 {White mates.} Bd5+ 66. Kd6 Bf7 67. Ng5+ {Weighted Error Value: White=0.43/Black=0.43} 1-0